 Dungeon Crawl Stone Soup version 0.31-a0-986-g5e6e4ef867 (webtiles) character file.

Game seed: 13258764509834233687

445 garrulousMonolith the Covered (level 7, -5/44 HPs)
             Began as a Gargoyle Fighter on Nov 13, 2023.
             Killed by divine providence
             ... invoked by an orc priest
              (11 damage)
             ... on level 4 of the Dungeon.
             The game lasted 00:03:05 (3152 turns).

garrulousMonolith the Covered (Gargoyle Fighter)    Turns: 3152, Time: 00:03:06

Health: -5/44      AC: 19    Str: 20    XL:     7   Next: 3%
Magic:  9/9        EV:  5    Int: 10    God:
Gold:   92         SH:  4    Dex:  9    Spells: 6/6 levels left

rFire   . . .        m - +2 dagger (venom)
rCold   . . .        c - +0 buckler
rNeg    + . .        h - +0 plate armour
rPois   ∞            (no helmet)
rElec   +            d - +0 cloak
rCorr   .            l - +0 pair of gloves
SInv    .            (no boots)
Will    .....        (no amulet) Stlth
                     (no ring)
HPRegen 0.27/turn    (no ring)
MPRegen 0.11/turn

%: no passive effects
@: no status effects
A: sickness immunity, AC +4, negative energy resistance 1, electricity
resistance, torment resistance 1, petrification resistance
a: no special abilities


You were on level 4 of the Dungeon.
You visited 1 branch of the dungeon, and saw 4 of its levels.

You collected 92 gold pieces.

Inventory:

Hand Weapons
 a - a +0 flail
 b - a +2 heavy sling
 j - a +0 flail of holy wrath
 m - a +2 dagger of venom (weapon)
Armour
 c - a +0 buckler (worn)
 d - a +0 cloak (worn)
 h - a +0 plate armour (worn)
 l - a +0 pair of gloves (worn)
Scrolls
 f - a scroll of identify
 i - a scroll of teleportation
 k - a scroll of fog
Potions
 g - a potion of resistance


   Skills:
 + Level 4.5 Fighting
 * Level 4.4 Maces & Flails
 + Level 4.5 Armour
 + Level 4.5 Shields
 + Level 2.7 Invocations


You had 6 spell levels left.
You didn't know any spells.
Your spell library contained the following spells:

 Spells                   Type           Power      Damage    Failure   Level
 Dispel Undead            Necr           0%         3d6       100%        4
 Death Channel            Necr           0%         N/A       100%        6
 Cigotuvi's Dreadful Rot  Necr/Pois/Air  Unusable   N/A       N/A         2

Dungeon Overview and Level Annotations

Branches:
Dungeon (4/15)
 Temple: D:4-7

Altars:
Dithmenos
Fedhas
Nemelex Xobeh
Qazlal


Innate Abilities, Weirdness & Mutations

You are immune to sickness and miasma.
Your stone body is resilient. (AC +4)
You are immune to poison.
You resist negative energy. (rN+)
You are resistant to electric shocks. (rElec)
You are resistant to unholy torment.
You are immune to petrification.


Message History

You are too injured to fight recklessly!
You are too injured to fight recklessly!
You are too injured to fight recklessly!
You are too injured to fight recklessly!
You are too injured to fight recklessly!
You are too injured to fight recklessly!
You are too injured to fight recklessly!
You are too injured to fight recklessly!
You are too injured to fight recklessly!
You are too injured to fight recklessly!
You are too injured to fight recklessly!
You are too injured to fight recklessly!
You are too injured to fight recklessly!
You barely miss the orc priest.
The orc priest is moderately wounded.
The grasping roots constrict you.
The orc priest invokes the aid of Beogh against you.
Pain shoots through your body!
An orc comes into view. It is wielding a +0 mace.
The grasping roots constrict you.
The grasping roots release their grip on you.
You barely miss the orc. You closely miss the orc. You block the orc's attack.
Your +0 flail of holy wrath stops glowing.
Your +2 dagger of venom begins to drip with poison!
m - a +2 dagger of venom (weapon)
You hit the orc priest but do no damage.
The orc priest is poisoned.
The orc priest is lightly wounded.
The orc priest mumbles some strange prayers to Beogh against you.
Beogh smites you!
* * * LOW HITPOINT WARNING * * *
The orc barely misses you. The orc priest barely misses you.
An orc comes into view. It is wielding a +0 falchion.
The orc hits you but does no damage.
The orc priest calls upon Beogh to heal the orc priest.
The orc priest's wounds heal themselves!
The orc priest invokes the aid of Beogh against you.
Beogh smites you!
You die...

.##....##..##......#
.##....###..#......###
..#............[......
..#................##
..#....###...#.##...#
..#.....†'...'...../#
#.#.######...#).....#
.......# #...#...####
.......# #...#..@#
###....###...#.oo#
..#..........#....
..#...†......#.#$.o
..#..........#.###o.
..'..........#.. ...
..#........###. #..#
..#....#...###### #.>
..#....'..†.......


You could see 2 orc priests and 2 orcs.

Vanquished Creatures
  A sky beast (D:3)
  A black bear (D:4)
  A scorpion (D:4)
  A howler monkey (D:4)
  Crazy Yiuf (D:2)
  A sleepcap (D:4)
  An orc wizard (D:3)
  Natasha (D:2)
  An adder (D:3)
  3 dart slugs
  2 orcs (D:3)
  4 ball pythons
  6 bats
  4 endoplasms
  4 giant cockroaches (D:3)
  8 goblins
  5 hobgoblins
  A jackal (D:4)
  5 kobolds
  4 quokkas
  3 rats
58 creatures vanquished.

Vanquished Creatures (others)
  An orc wizard (D:3)
1 creature vanquished.

Grand Total: 59 creatures vanquished

Notes
Turn   | Place    | Note
-------+----------+-------------------------------------------
     0 | D:1      | garrulousMonolith the Gargoyle Fighter began the quest for
                  | the Orb.
     0 | D:1      | Reached XP level 1. HP: 14/14 MP: 1/1
   149 | D:1      | Reached XP level 2. HP: 15/19 MP: 2/2
   953 | D:2      | Reached XP level 3. HP: 22/23 MP: 3/3
  1396 | D:2      | Noticed Natasha
  1406 | D:2      | Killed Natasha
  1407 | D:2      | Reached skill level 1 in Invocations
  1462 | D:2      | Found a runed translucent door.
  1463 | D:2      | Noticed Crazy Yiuf
  1604 | D:2      | Reached XP level 4. HP: 27/28 MP: 4/4
  1652 | D:2      | Killed Crazy Yiuf
  1937 | D:3      | Noticed a sky beast
  1947 | D:3      | Killed a sky beast
  1948 | D:3      | Reached XP level 5. HP: 33/33 MP: 6/6
  2346 | D:3      | Reached XP level 6. HP: 38/38 MP: 7/7
  2423 | D:3      | Found a sparkling altar of Nemelex Xobeh.
  2504 | D:3      | Found a stormy altar of Qazlal.
  2504 | D:3      | Found a blossoming altar of Fedhas.
  2505 | D:3      | Found a shadowy altar of Dithmenos.
  3011 | D:4      | Noticed a black bear
  3057 | D:4      | Killed a black bear
  3058 | D:4      | Reached XP level 7. HP: 22/44 MP: 7/9
  3152 | D:4      | Killed from afar by an orc priest

Illustrated notes

Levels and vault maps discovered:
D:1:      saegor_arrival_fortress, layout_basic
D:2:      layout_loops_ring, corexii_corridor_pit, uniq_natasha,
          uniq_crazy_yiuf_cottage
D:3:      layout_basic, nemelex_altar_shiori, gammafunk_temple_overflow_claw
D:4:      layout_basic

Skill      XL: |  1  2  3  4  5  6 |
---------------+-------------------+-----
Invocations    | 1 2 |  2.7
Maces & Flails | 3 4 |  4.4
Fighting       | 4 |  4.5
Armour         | 4 |  4.5
Shields        | 4 |  4.5

Action                     |  1- 3 |  4- 6 |  7- 9 || total
---------------------------+-------+-------+-------++-------
  Melee: Flail             |    62 |   139 |     5 ||   206
         Dagger            |       |    27 |    11 ||    38
    Use: Scroll            |     1 |     3 |       ||     4
         Potion            |       |     2 |       ||     2
 Armour: Scale mail        |    35 |       |       ||    35
         Plate armour      |    11 |   194 |     9 ||   214
  Dodge: Dodged            |    22 |    51 |     5 ||    78
  Block: Buckler           |    15 |    47 |     5 ||    67

Table legend: (Time is in decaauts)
 A = Elapsed time spent in this place.
 B = Non-inter-level travel time spent in this place.
 C = Inter-level travel time spent in this place.
 D = Time resting spent in this place.
 E = Time spent auto-exploring this place.
 F = Levels seen in this place.
 G = Mean time per level.
                   A        B        C        D        E       F      G
               +--------+--------+--------+--------+--------+-----+--------+
         Total |   3204 |   3121 |     83 |     78 |   2462 |   4 |  801.0 |
       Dungeon |   3204 |   3121 |     83 |     78 |   2462 |   4 |  801.0 |
               +--------+--------+--------+--------+--------+-----+--------+

Top non-repeatable levels by time:
     D:3: 1085 daAuts
     D:1: 958 daAuts
     D:2: 761 daAuts
     D:4: 400 daAuts
